 Dungeon Crawl Stone Soup version 0.27-a0-1513-g2aaa0cc67b (webtiles) character file.

Game seed: 4841220469165057244

105 pokeman the Magician (level 4, -12/25 HPs)
             Began as a Deep Elf Hedge Wizard on July 9, 2021.
             Killed by divine providence
             ... invoked by an orc priest
              (13 damage)
             ... on level 3 of the Dungeon.
             The game lasted 00:06:45 (2824 turns).

pokeman the Magician (Deep Elf Hedge Wizard)        Turns: 2824, Time: 00:06:46

Health: -12/25     AC:  4    Str:  7    XL:     4   Next: 54%
Magic:  0/13       EV: 12    Int: 20    God:
Gold:   87         SH:  0    Dex: 14    Spells: 3/14 levels left

rFire    + . .     SeeInvis .   e - +2 dagger (vamp)
rCold    x . .     Faith    .   (no shield)
rNeg     . . .     Spirit   .   a - +0 leather armour
rPois    .         Reflect  .   c - +0 hat
rElec    .         Harm     .   (no cloak)
rCorr    .         Rampage  .   (no gloves)
Will     .....                  p - +0 pair of boots
Stlth    ++........             (no amulet)
HPRegen  0.08/turn              b - ring of fire
MPRegen  0.13/turn              (no ring)

@: very slightly contaminated
A: no striking features
a: no special abilities


You were on level 3 of the Dungeon.
You visited 1 branch of the dungeon, and saw 3 of its levels.

You collected 87 gold pieces.

Inventory:

Hand Weapons
 e - a +2 vampiric dagger (weapon)
Armour
 a - a +0 leather armour (worn)
 c - a +0 hat (worn)
 p - a +0 pair of boots (worn)
Jewellery
 b - a ring of fire (left hand)
Scrolls
 d - a scroll of enchant armour {unknown}
 h - 2 scrolls of magic mapping {unknown}
 i - 2 scrolls of vulnerability {unknown}
 k - a scroll of silence {unknown}
 o - a scroll of torment {unknown}
Potions
 f - 2 potions of haste {unknown}
 g - a potion of curing {unknown}
 j - 2 potions of mutation {unknown}
 l - 2 potions of magic {unknown}
 m - a potion of invisibility {unknown}
 n - a potion of brilliance {unknown}


   Skills:
 - Level 1.0 Fighting
 - Level 1.0 Armour
 + Level 2.7 Dodging
 - Level 2.4 Stealth
 * Level 5.8 Spellcasting
 + Level 2.2 Conjurations
 - Level 1.1 Summonings
 - Level 1.1 Translocations
 + Level 0.9 Fire Magic


You had 3 spell levels left.
You knew the following spells:

 Your Spells              Type           Power      Damage    Failure   Level
a - Magic Dart            Conj           56%        1d5       6%          1
b - Mephitic Cloud        Conj/Pois/Air  8%         N/A       34%         3
c - Call Imp              Summ           10%        N/A       16%         2
d - Blink                 Tloc           N/A        N/A       16%         2
e - Conjure Flame         Conj/Fire      18%        6-21      24%         3

Your spell library contained the following spells:

 Spells                   Type           Power      Damage    Failure   Level
 Sandblast                Erth           10%        2d5       16%         1
 Passwall                 Tmut/Erth      4%         N/A       24%         2
 Slow                     Hex            5%         N/A       24%         2
 Lee's Rapid Deconstruct  Erth           2%         3d6*      99%         5


Dungeon Overview and Level Annotations

Branches:
Dungeon (3/15)

Altars:


Message History

You hit the orc but do no damage.
The orc is moderately wounded.
The orc barely misses you.
The orc priest misses something.
You hit the orc.
You feel better.
The orc is heavily wounded.
The orc hits you with a +0 whip.
Unknown command.
You hit the orc.
You feel better.
The orc is heavily wounded.
The orc completely misses you.
The orc priest misses the orc priest.
Unknown command.
You catch the helpless orc priest completely off-guard!
You puncture the orc priest!
The orc priest is severely wounded.
The orc barely misses you.
Unknown command.
You hit the orc priest.
The orc priest is severely wounded.
The orc barely misses you.
The orc priest hits you with a +0 short sword.
Unknown command.
You strike the helpless orc priest from behind!
You puncture the orc priest!
You kill the orc priest!
The orc hits you with a +0 whip. The orc closely misses you.
The orc priest calls down the wrath of Beogh upon you.
Beogh smites you!
Ouch! That really hurt!
* * * LOW HITPOINT WARNING * * *
The orc completely misses you. The orc hits you but does no damage.
Things that are here:
a +0 short sword; an orc corpse
Casting: Mephitic Cloud (extremely dangerous; 34% risk of failure)
Confirm with . or Enter, or press ? or * to list all spells.
A beastly little devil appears in a puff of flame.
The orc hits you but does no damage.
The orc priest invokes the aid of Beogh against you.
Beogh smites you!
Ouch! That really hurt!
You die...

........... ......#
......... ...)...
#......# #.###.#
#......# #.#
.....###### #..
#####+#....... ##o
#...ooo....... #.
#######.#####.#?....
#. #......oo@.5..#
...######
#.#####.####.....
........ #.# .....
#...... #.#
o.....#......
#######'##
......'......
.........#
o.....#......
.........# ###....
.........# #....
.........# #....


You could see an orc priest, an orc (ally target) and a friendly crimson imp
(summoned).

Vanquished Creatures
  An orc priest (D:3)
  3 adders (D:2)
  2 dart slugs
  4 orcs (D:3)
  4 endoplasms
  5 giant cockroaches
  2 goblins (D:2)
  3 hobgoblins
  2 kobolds
  2 quokkas
  3 ball pythons
  4 bats
  3 frilled lizards
  2 rats
40 creatures vanquished.

Notes
Turn   | Place    | Note
-------+----------+-------------------------------------------
     0 | D:1      | pokeman the Deep Elf Hedge Wizard began the quest for the
                  | Orb.
     0 | D:1      | Reached XP level 1. HP: 10/10 MP: 7/7
   302 | D:1      | You fall into a shaft and drop 1 floor!
   308 | D:2      | Reached XP level 2. HP: 16/16 MP: 3/9
   613 | D:1      | Reached skill level 5 in Spellcasting
  1140 | D:2      | Reached XP level 3. HP: 20/20 MP: 11/11
  1144 | D:2      | Learned a level 3 spell: Mephitic Cloud
  1147 | D:2      | Learned a level 2 spell: Call Imp
  1150 | D:2      | Learned a level 2 spell: Blink
  1154 | D:2      | Learned a level 3 spell: Conjure Flame
  1690 | D:2      | Reached skill level 1 in Fighting
  1690 | D:2      | Reached skill level 1 in Armour
  1910 | D:2      | Found a faded altar of an unknown god.
  2659 | D:3      | Reached XP level 4. HP: 25/25 MP: 9/13
  2821 | D:3      | HP: 1/25 [orc priest/divine providence (13)]
  2824 | D:3      | Killed from afar by an orc priest

Illustrated notes

Levels and vault maps discovered:
D:1:      sevenhm_arrival_forest_fort_large_4, layout_basic
D:2:      layout_basic, chequers_ecumenical_altar_twisty
D:3:      layout_basic

Skill      XL: |  1  2  3 |
---------------+----------+-----
Spellcasting   | 5 |  5.8
Fighting       | 1 |  1.0
Armour         | 1 |  1.0
Conjurations   | 2 |  2.2
Dodging        | |  2.7
Stealth        | |  2.4
Summonings     | |  1.1
Translocations | |  1.1
Fire Magic     | |  0.9

Action                   |  1- 3 |  4- 6 || total
-------------------------+-------+-------++-------
Melee: Dagger            |    11 |    13 ||    24
 Cast: Magic Dart        |    90 |     6 ||    96
       Blink             |     1 |       ||     1
       Conjure Flame     |       |     1 ||     1
       Mephitic Cloud    |       |     1 ||     1
       Call Imp          |       |     1 ||     1
 Stab: Sleeping          |     1 |       ||     1
       Confused          |       |     3 ||     3
Armor: Robe              |     3 |       ||     3
       Leather armour    |     5 |     5 ||    10
Dodge: Dodged            |    14 |     8 ||    22

Table legend: (Time is in decaauts)
 A = Elapsed time spent in this place.
 B = Non-inter-level travel time spent in this place.
 C = Inter-level travel time spent in this place.
 D = Time resting spent in this place.
 E = Time spent auto-exploring this place.
 F = Levels seen in this place.
 G = Mean time per level.
                   A        B        C        D        E       F      G
               +--------+--------+--------+--------+--------+-----+--------+
         Total |   2824 |   2694 |    130 |    343 |   2019 |   3 |  941.3 |
       Dungeon |   2824 |   2694 |    130 |    343 |   2019 |   3 |  941.3 |
               +--------+--------+--------+--------+--------+-----+--------+

Top non-repeatable levels by time:
     D:2: 1326 daAuts
     D:1: 939 daAuts
     D:3: 558 daAuts
